Celery, neutral female gnomish Tourist --------- ----- --------------- ##.........########...*| |`.............########################|.......|## |..>| |.............| #########|.......|########-...| |.............| ------- ## --.------# |...| |.............| |.......############### #-...| -.----------|-- |...... # #----- ## ## ...... ### d ------ # G ---.-- # # # # |....| `###### # -|---.-|-- |....| # ---.-# |........| |....| ##.....# |........| |<...| |...| |........| |.....####....| ---------- ------ ----- Celery the Sightseer Experience level: 4 Strength: 12 Dexterity: 11 Constitution: 16 Intelligence: 12 Wisdom: 8 Charisma: 16 Health: 0(34) Energy: 15(15) Def: 0 Gold: 87 Moves: 2899 Dungeon seed: oCaJbKFr6DD3DqyP Game ID: Celery_1467834250 Your Inventory: Coins $ - 87 gold pieces Weapons a - 39 uncursed +2 darts (in quiver) o - an uncursed +2 aklys (weapon in hand) p - an uncursed +0 crossbow Armor e - an uncursed +0 Hawaiian shirt (being worn) q - an uncursed +0 dwarvish cloak y - a cursed +0 dwarvish cloak (being worn) Comestibles c - 3 uncursed food rations d - an uncursed giant spider egg f - an uncursed egg H - an uncursed tin of green mold Potions L - a blessed potion of object detection Wands m - a blessed wand of secret door detection (0:4) Tools g - an uncursed sack k - an uncursed expensive camera (0:36) l - an uncursed credit card n - an uncursed towel Gems r - 3 uncursed worthless pieces of orange glass z - an uncursed worthless piece of red glass Contents of the sack: 1269 gold pieces a blessed scroll of identify a cursed scroll of identify 4 uncursed scrolls of magic mapping 3 uncursed scrolls of scare monster an uncursed scroll of teleportation an uncursed scroll of water a blessed potion of acid 3 uncursed potions of extra healing an uncursed potion of healing a potion of holy water an uncursed potion of water Spells and supernatural/magical abilities: Name Level Category Fail Memory W - pray for help -- divine ? -- Your skills at the end: Miscellaneous Skills wands [Basic] Weapon Skills club [Basic] dart [Basic] Spellcasting Skills Final Attributes: You were devoutly aligned. You had infravision. You are dead. Vanquished creatures: a leprechaun a shrieker 3 little dogs an iguana a werejackal a hobbit 4 geckos a hobgoblin a giant rat a cave spider a brown mold a yellow mold 5 jackals a kobold 6 newts 4 sewer rats 2 grid bugs 5 lichens a kobold zombie 41 creatures vanquished. Voluntary challenges: You did not adorn yourself with jewelry or accessories. You were an atheist. You used a wielded weapon 26 times, starting on turn 154. You did not apply a unicorn horn. You read items or engraved 1 time, starting on turn 2204. You never genocided any monsters. You never polymorphed an object. You never changed form. You used no wishes. You never split a pudding. You never wrote Elbereth's name. You never violated your personal moral code. Dungeon overview: The Dungeons of Doom: levels 1 to 5 Level 1 a sink a long staircase Level 2 a potion shop, a fountain, a sink Level 3 some fountains a long staircase Level 4 a general store, a sink Level 5 <- You were here History has recorded: On T:1 you entered the Dungeons of Doom to retrieve the Amulet of Yendor! On T:448 you reached level 2 of The Dungeons of Doom. On T:798 you reached level 3 of The Dungeons of Doom. On T:1116 you advanced to experience level 2. On T:1399 you reached level 4 of The Dungeons of Doom. On T:1667 you advanced to experience level 3. On T:2168 you advanced to experience level 4. On T:2197 you reached level 5 of The Dungeons of Doom. Score breakdown: Gold: 727 ( 72 points) Experience: 4 levels ( 300 points) Exploration: 5 levels ( 120 points) Discoveries: 1 item ( 50 points) Variety of kills: 19 monsters ( 950 points) Major goal: (nothing yet) ( 0 points) Survival: died (score multiplied by 3) Total score: 4476 Latest messages: You displace your little dog. a - an uncursed +2 dart (in quiver). You displace your little dog. (2x) The door opens. The little dog bites! You displace your little dog. The little dog bites! The little dog misses the little dog. The little dog bites the little dog. The little dog bites! The little dog bites the little dog. The little dog is killed! You finish waiting. You hear someone counting money. You stop waiting. The little dog misses the little dog. (2x) The little dog bites! The little dog misses the little dog. The little dog bites! The little dog misses the little dog. The little dog bites! The little dog misses the little dog. The little dog bites! (5x) You hear some noises. The little dog bites! You die... Final status: Aloha Celery the Tourist, killed by a little dog... You died in The Dungeons of Doom on dungeon level 5 with 4476 points, and 1356 pieces of gold, after 2899 moves. You were level 4 with a maximum of 34 hit points when you died.